 Dungeon Crawl Stone Soup version 0.29.0-3-gbb0933ed62 (webtiles) character file.

Game seed: 1134784086429883037

96 smarlow the Firebug (level 4, -3/24 HPs)
             Began as a Deep Elf Fire Elementalist on Aug 25, 2022.
             Shot with an arrow by a centaur (6 damage)
             ... on level 3 of the Dungeon.
             The game lasted 00:05:35 (2865 turns).

smarlow the Firebug (Deep Elf Fire Elementalist)    Turns: 2865, Time: 00:05:35

Health: -3/24      AC:  2    Str:  5    XL:     4   Next: 41%
Magic:  0/12       EV: 12    Int: 22    God:
Gold:   168        SH:  0    Dex: 15    Spells: 8/11 levels left

rFire   . . .      SeeInvis .   (no weapon)
rCold   . . .      Faith    .   (no shield)
rNeg    . . .      Spirit   +   a - +0 robe
rPois   .          Reflect  .   (no helmet)
rElec   .          Harm     .   (no cloak)
rCorr   .          Rampage  .   (no gloves)
Will    .....                   (no boots)
Stlth   ++........              e - amulet of guardian spirit
HPRegen 0.08/turn               (no ring)
MPRegen 0.13/turn               (no ring)

@: no status effects
A: no striking features
a: no special abilities


You were on level 3 of the Dungeon.
You visited 1 branch of the dungeon, and saw 3 of its levels.

You collected 168 gold pieces.

Inventory:

Armour
 a - a +0 robe (worn)
Jewellery
 e - an amulet of guardian spirit (around neck)
 g - a ring of flight
Scrolls
 c - a scroll of enchant armour {unknown}
 f - 4 scrolls of identify {unknown}
 h - a scroll of summoning {unknown}
Potions
 b - a potion of lignification {unknown}
 d - a potion of might {unknown}
 i - a potion of curing {unknown}
 j - a potion of mutation {unknown}


   Skills:
 + Level 2.4 Dodging
 + Level 3.0 Stealth
 + Level 4.3 Spellcasting
 * Level 2.4 Conjurations
 + Level 4.3 Fire Magic


You had 8 spell levels left.
You knew the following spells:

 Your Spells              Type           Power      Damage    Failure   Level
a - Foxfire               Conj/Fire      76%        2x1d7     2%          1
b - Scorch                Fire           46%        2d7       2%          2

Your spell library contained the following spells:

 Spells                   Type           Power      Damage    Failure   Level
 Shock                    Conj/Air       40%        1d5       7%          1
 Conjure Flame            Conj/Fire      19%        6-21      9%          3
 Static Discharge         Conj/Air       20%        3-5/arc   10%         2
 Inner Flame              Hex/Fire       14%        N/A       14%         3
 Ensorcelled Hibernation  Hex/Ice        8%         N/A       17%         2
 Passwall                 Tmut/Erth      3%         N/A       17%         2
 Flame Wave               Conj/Fire      19%        2d7       26%         4
 Swiftness                Air            4%         N/A       32%         3
 Airstrike                Air            2%         2d(1-17)  73%         4
 Lightning Bolt           Conj/Air       5%         1d17      88%         5
 Maxwell's Capacitive Co  Air            2%         ∞         100%        8


Dungeon Overview and Level Annotations

Branches:
Dungeon (3/15)

Altars:


Message History

The kobold shouts!
The kobold throws a stone.
The stone hits you but does no damage.
You conjure some foxfire!
You conjure some foxfire!
The foxfire hits the kobold.
The kobold is heavily wounded.
You conjure some foxfire!
The foxfire hits the kobold!
You kill the kobold!
A jackal comes into view.
A centaur comes into view.
Your foxfire dissipates!
You conjure some foxfire!
The centaur shouts!
Your foxfire dissipates!
The foxfire hits the jackal.
The jackal is heavily wounded.
You conjure some foxfire!
The foxfire hits the jackal but does no damage.
The jackal is heavily wounded.
The foxfire hits the jackal.
You kill the jackal!
A jackal comes into view.
Casting: Foxfire (safe; 2% risk of failure)
Confirm with . or Enter, or press ? or * to list all spells.
You can't see any susceptible monsters within range! (Use Z to cast anyway.)
Your foxfire dissipates!
A jackal comes into view.
The foxfire hits the centaur.
The centaur is moderately wounded.
The centaur wields a +0 shortbow.
The centaur shoots an arrow.
The arrow hits you!
The centaur shoots an arrow.
The arrow hits you!
Ouch! That really hurt!
* * * LOW HITPOINT WARNING * * *
Casting: Foxfire (safe; 2% risk of failure)
Confirm with . or Enter, or press ? or * to list all spells.
Flames lash the jackal.
You kill the jackal!
The centaur shoots an arrow.
The arrow hits you.
* * * LOW HITPOINT WARNING * * *
The centaur shoots an arrow.
The arrow hits you!
You die...

###.## #. .....
...
###.#.##.#....
#............
#........... .
#........... .#
#....###..###.#
#@............#
#.....##......#
#.............#
#.#.####c.....#
#.### #......#
..######..######
.###..h..........
#. #.#.......#.##
#.###.###.#.#.#


You could see a centaur.

Vanquished Creatures
  4 adders
  3 worms (D:2)
  An orc (D:2)
  3 ball pythons
  3 bats (D:1)
  An endoplasm (D:2)
  3 giant cockroaches (D:1)
  4 goblins
  3 hobgoblins
  8 jackals
  3 quokkas (D:2)
  A frilled lizard (D:1)
  3 kobolds
  10 rats
50 creatures vanquished.

Vanquished Creatures (others)
  197 foxfires
197 creatures vanquished.

Grand Total: 247 creatures vanquished

Notes
Turn   | Place    | Note
-------+----------+-------------------------------------------
     0 | D:1      | smarlow the Deep Elf Fire Elementalist began the quest for
                  | the Orb.
     0 | D:1      | Reached XP level 1. HP: 10/10 MP: 6/6
   495 | D:1      | Reached XP level 2. HP: 15/15 MP: 5/8
  1065 | D:1      | Found a faded altar of an unknown god.
  1523 | D:1      | Learned a level 2 spell: Scorch
  1606 | D:2      | Reached XP level 3. HP: 19/19 MP: 0/10
  2079 | D:2      | Reached XP level 4. HP: 24/24 MP: 10/12
  2845 | D:3      | Noticed a centaur
  2865 | D:3      | Shot with an arrow by a centaur

Illustrated notes

Levels and vault maps discovered:
D:1:      dpeg_arrival_central, layout_basic,
          dilly_ecumenical_altar_fadedgnrine, minmay_rat_gold_closets
D:2:      layout_loops_ring
D:3:      cheibrodos_fertilizer, layout_basic,
          mainiacjoe_overflow_surrounded_room, gammafunk_ghost_abyssal_escape,
          serial_shops, nicolae_shop_behind_doors, uniq_grinder

Skill      XL: |  1  2  3 |
---------------+----------+-----
Fire Magic     | 4 |  4.3
Stealth        | 3 |  3.0
Spellcasting   | 4 |  4.3
Conjurations   | 2 |  2.4
Dodging        | |  2.4

Action                   |  1- 3 |  4- 6 || total
-------------------------+-------+-------++-------
 Cast: Foxfire           |    97 |    27 ||   124
       Scorch            |     5 |     7 ||    12
  Use: Potion            |     1 |       ||     1
Armor: Robe              |     1 |     1 ||     2
Dodge: Dodged            |     5 |       ||     5
